 Dungeon Crawl Stone Soup version 0.20.1-1-g8b1a95d (webtiles) character file.

832 Kingsmith the Nimble (level 7, -3/52 HPs)
             Began as a Merfolk Fighter on Dec 9, 2017.
             Was a Follower of the Shining One.
             Slain by p0werm0de's ghost (16 damage)
             ... on level 6 of the Dungeon.
             The game lasted 00:08:32 (4044 turns).

Kingsmith the Nimble (Merfolk Fighter)              Turns: 4044, Time: 00:08:33

Health: -3/52      AC:  7    Str: 18    XL:     7   Next: 98%
Magic:  7/7        EV: 13    Int:  7    God:    the Shining One [*.....]
Gold:   301        SH:  0    Dex:  9    Spells: 6/6 levels left

rFire    . . .     SeeInvis .   x - +11 dagger of Crusades {venom, +Fly rPois rN+++ Dex-5}
rCold    . . .     Gourm    .   (no shield)
rNeg     + + +     Faith    .   b - +0 scale mail
rPois    +         Spirit   .   (no helmet)
rElec    .         Reflect  .   (no cloak)
rCorr    .         Harm     .   (no gloves)
MR       .....                  t - +0 pair of boots
Stlth    ..........             (no amulet)
Regen    0.2/turn               (no ring)
MPRegen  0.1/turn               (no ring)

@: glowing
A: change form in water, swift swim, stealthy swim
a: Renounce Religion, Evoke Flight


You were on level 6 of the Dungeon.
You worshipped the Shining One.
The Shining One was aware of your devotion.
You were not hungry.

You visited 2 branches of the dungeon, and saw 7 of its levels.

You collected 301 gold pieces.

Inventory:

Hand Weapons
 a - a +0 trident
 x - the +11 dagger of Crusades (weapon) {venom, +Fly rPois rN+++ Dex-5}
   (You found it on level 4 of the Dungeon)

   It poisons the flesh of those it strikes.
   It affects your dexterity (-5).
   It protects you from poison.
   It renders you almost immune to negative energy.
   It lets you fly.
Armour
 b - a +0 scale mail (worn)
 c - a +0 shield
 t - a +0 pair of boots (worn)
 E - a +0 plate armour
Jewellery
 y - an uncursed ring of wizardry {unknown}
Wands
 q - a wand of lightning (8/15)
 v - a wand of flame (25/48)
Scrolls
 e - 4 scrolls of teleportation {unknown}
 g - 3 scrolls of enchant armour {unknown}
 i - a scroll of enchant weapon {unknown}
 n - a scroll of immolation {unknown}
 p - 3 scrolls of recharging {unknown}
 r - 3 scrolls of remove curse {unknown}
 u - 2 scrolls of random uselessness {unknown}
 z - a scroll of amnesia {unknown}
 C - 3 scrolls of fear {unknown}
Potions
 d - a potion of might
 k - 4 potions of heal wounds {unknown}
 l - 3 potions of brilliance {unknown}
 m - a potion of flight {unknown}
 o - a potion of curing {unknown}
 A - a potion of resistance {unknown}
 B - a potion of degeneration {unknown}
Books
 w - a book of Minor Magic

   Spells                             Type                      Level
   a - Magic Dart                     Conjuration                  1
   b - Blink                          Translocation                2
   c - Call Imp                       Summoning                    2
   d - Slow                           Hexes                        2
   e - Conjure Flame                  Conjuration/Fire             3
   f - Mephitic Cloud                 Conjuration/Poison/Air       3
Comestibles
 f - 3 bread rations
 h - 2 meat rations
 j - 2 royal jellies
 s - a fruit


   Skills:
 - Level 3.2 Fighting
 - Level 3.0 Polearms
 + Level 3.0 Armour
 - Level 8.0 Dodging
 - Level 6.0 Shields


You had 6 spell levels left.
You didn't know any spells.

Dungeon Overview and Level Annotations

Branches:
Dungeon (6/15)             Temple (1/1) D:4

Altars:
Ashenzari
Cheibriados
Dithmenos
Elyvilon
Fedhas
Gozag
Hepliaklqana
Kikubaaqudgha
Nemelex Xobeh
Okawaru
Qazlal
Ru
Trog
Uskayaw
Vehumet
Yredelemnul
Zin
The Shining One

Shops:
D:4 %?

Annotations:
D:1 Not totally explored
D:2 1 runed door
D:6 p0werm0de's ghost, novice DDFi


Message History

P0werm0de's ghost hits you.
A bullfrog comes into view.
The bullfrog gives a loud, deep croak!
You hit p0werm0de's ghost.
P0werm0de's ghost is lightly damaged.
P0werm0de's ghost barely misses you.
The worker ant bites you but does no damage.
The jackal closely misses you.
You puncture p0werm0de's ghost!
P0werm0de's ghost is moderately damaged.
P0werm0de's ghost hits you! The worker ant completely misses you.
The jackal bites you.
You puncture p0werm0de's ghost!
P0werm0de's ghost is heavily damaged.
The worker ant barely misses you. The jackal barely misses you.
P0werm0de's ghost hits you! The worker ant bites you.
* * * LOW HITPOINT WARNING * * *
P0werm0de's ghost hits you!
You die...

.. .... .
.... ##.
..... ##..
.....
###..#......
###....#Fh..
#......Wh#
#...@h.#
#...a.##
#.....#
#....##
#....#
#....#
#....#
#....#


You could see a bullfrog, a worker ant, p0werm0de's ghost and 3 jackals.

Vanquished Creatures
  The ghost of soepske the Pure, an amateur DsAK of Lugonu (D:4)
  A phantom (D:5)
  An ogre (D:4)
  A howler monkey (D:4)
  The ghost of Anon1729 the Digger, a weakling OpEE (D:3)
  A centaur zombie (D:5)
  A bullfrog zombie (D:5)
  A hound (D:4)
  A jelly (D:5)
  An orc wizard (D:4)
  A centaur skeleton (D:5)
  A bullfrog skeleton (D:5)
  2 worker ants (D:5)
  Terence (D:3)
  A hound skeleton (D:4)
  A howler monkey skeleton (D:4)
  6 adders
  An ooze (D:4)
  An adder zombie (D:5)
  3 worms
  A dart slug (D:1)
  4 leopard geckos
  8 orcs
  A ball python (D:1)
  3 giant cockroaches
  7 hobgoblins
  8 jackals
  5 quokkas
  7 bats
  6 frilled lizards
  6 goblins
  7 kobolds
  7 rats
98 creatures vanquished.

Notes
Turn   | Place    | Note
-------+----------+-------------------------------------------
     0 | D:1      | Kingsmith the Merfolk Fighter began the quest for the Orb.
     0 | D:1      | Reached XP level 1. HP: 18/18 MP: 1/1
   156 | D:1      | Reached XP level 2. HP: 23/24 MP: 2/2
   914 | D:2      | Reached XP level 3. HP: 29/29 MP: 3/3
  1015 | D:2      | Found a runed door.
  1507 | D:2      | Reached XP level 4. HP: 32/35 MP: 4/4
  1704 | D:3      | Reached skill level 5 in Shields
  1779 | D:3      | Found a white marble altar of Elyvilon.
  2018 | D:3      | Noticed Anon1729's ghost (weakling OpEE)
  2024 | D:3      | Killed Anon1729's ghost
  2024 | D:3      | Reached XP level 5. HP: 39/41 MP: 5/5
  2102 | D:3      | Noticed Terence
  2107 | D:3      | Killed Terence
  2184 | D:4      | Found Zuokh's Magic Scroll Boutique.
  2197 | D:4      | Got a transparent dagger
  2199 | D:4      | Identified the +11 dagger of Crusades {venom, +Fly rPois rN+++ Dex-5} (You found it on level 4 of the Dungeon)
  2248 | D:4      | Found Ziekunwo's Food Shoppe.
  2318 | D:4      | Reached skill level 2 in Dodging
  2348 | D:4      | Noticed soepske's ghost (amateur DsAK)
  2370 | D:4      | Killed soepske's ghost
  2370 | D:4      | Reached skill level 4 in Dodging
  2370 | D:4      | Reached XP level 6. HP: 19/47 MP: 6/6
  2546 | D:4      | Reached skill level 5 in Dodging
  2630 | D:4      | Found a staircase to the Ecumenical Temple.
  2647 | D:4      | Reached skill level 6 in Dodging
  2647 | D:4      | Reached XP level 7. HP: 8/52 MP: 7/7
  2923 | Temple   | Entered the Ecumenical Temple
  2979 | Temple   | Became a worshipper of the Shining One
  3230 | D:5      | Entered Level 5 of the Dungeon
  3334 | D:5      | Found a glowing golden altar of the Shining One.
  3426 | D:5      | Reached skill level 7 in Dodging
  3435 | D:5      | Reached skill level 8 in Dodging
  4039 | D:6      | Reached * piety under the Shining One
  4039 | D:6      | Noticed p0werm0de's ghost (novice DDFi)
  4044 | D:6      | Slain by p0werm0de's ghost

Skill      XL: |  1  2  3  4  5  6  7 |
---------------+----------------------+-----
Shields        | 4 5 6 |  6.0
Dodging        | 4 6 8 |  8.0
Armour         | 3 |  3.0
Fighting       | |  3.2
Polearms       | |  3.0

Action                   |  1- 3 |  4- 6 |  7- 9 || total
-------------------------+-------+-------+-------++-------
Melee: Trident           |   140 |    81 |       ||   221
       Dagger            |       |    39 |    85 ||   124
  Eat: Chunk             |     1 |     4 |     5 ||    10
Armor: Scale mail        |    61 |    46 |    38 ||   145
Dodge: Dodged            |    55 |    59 |    65 ||   179
